 Dungeon Crawl Stone Soup version 0.29.1-14-g9c671dbff4 (webtiles) character file.

Game seed: 9780811211230022912

146 zeram the Trooper (level 5, -1/33 HPs)
             Began as a Gargoyle Fighter on Feb 19, 2023.
             Slain by a gnoll
             ... wielding a +0 halberd
             ... led by a gnoll bouda
              (10 damage)
             ... on level 4 of the Dungeon.
             The game lasted 00:04:12 (2531 turns).

zeram the Trooper (Gargoyle Fighter)                Turns: 2531, Time: 00:04:12

Health: -1/33      AC: 11    Str: 20    XL:     5   Next: 28%
Magic:  5/5        EV:  9    Int: 10    God:
Gold:   77         SH:  5    Dex: 15    Spells: 4/4 levels left

rFire   . . .      SeeInvis +   g - +4 spear
rCold   . . .      Faith    .   c - +0 buckler
rNeg    + . .      Spirit   .   b - +0 scale mail
rPois   ∞          Reflect  .   (no helmet)
rElec   +          Harm     .   (no cloak)
rCorr   .          Rampage  .   (no gloves)
Will    .....                   (no boots)
Stlth   ..........              o - amulet of regeneration
HPRegen 0.91/turn               e - +6 ring of dexterity
MPRegen 0.09/turn               l - ring of see invisible

@: weakened
A: sickness immunity, AC +4, negative energy resistance 1, electricity
resistance, torment resistance 1, petrification resistance
a: no special abilities


You were on level 4 of the Dungeon.
You visited 1 branch of the dungeon, and saw 4 of its levels.

You collected 77 gold pieces.

Inventory:

Hand Weapons
 a - a +0 flail
 g - a +4 spear (weapon)
Missiles
 k - 3 throwing nets (quivered)
Armour
 b - a +0 scale mail (worn)
 c - a +0 buckler (worn)
Jewellery
 e - a +6 ring of dexterity (left hand)
 l - a ring of see invisible (right hand)
 o - an amulet of regeneration (around neck)
Scrolls
 h - a scroll of immolation
 i - 4 scrolls of teleportation
 r - a scroll of poison
 s - a scroll of butterflies
Potions
 d - a potion of might
 f - a potion of berserk rage {unknown}
 j - 3 potions of curing
 m - a potion of cancellation {unknown}
 n - 2 potions of brilliance


   Skills:
 + Level 4.1 Fighting
 + Level 3.4 Maces & Flails
 + Level 0.7 Polearms
 + Level 4.1 Armour
 + Level 0.5 Dodging
 + Level 3.7 Shields


You had 4 spell levels left.
You didn't know any spells.
Your spell library contained the following spells:

 Spells                   Type           Power      Damage    Failure   Level
 Gell's Gravitas          Tloc           0%         N/A       99%         3
 Teleport Other           Tloc           0%         N/A       99%         3
 Dispersal                Tloc           0%         N/A       100%        6
 Malign Gateway           Summ/Tloc      0%         N/A       100%        7
 Summon Horrible Things   Summ           0%         N/A       100%        8


Dungeon Overview and Level Annotations

Branches:
Dungeon (4/15)
 Temple: D:4-7

Altars:
Makhleb
Qazlal
Yredelemnul

Shops:
D:1 *   D:3 =

Annotations:
D:3 1 runed translucent door


Innate Abilities, Weirdness & Mutations

You are immune to sickness and miasma.
Your stone body is resilient. (AC +4)
You are immune to poison.
You resist negative energy. (rN+)
You are resistant to electric shocks. (rElec)
You are resistant to unholy torment.
You are immune to petrification.


Message History

The gnoll hits you but does no damage. You block the gnoll bouda's attack.
You hit the gnoll bouda.
The gnoll bouda is moderately wounded.
The gnoll is no longer moving quickly.
The gnoll barely misses you.
The gnoll bouda barks out a call to the hunt!
The gnoll picks up the pace!
You hit the gnoll bouda.
The gnoll bouda is heavily wounded.
The gnoll misses you.
The gnoll bouda hits you but does no damage.
You hit the gnoll bouda but do no damage.
The gnoll bouda is heavily wounded.
The gnoll closely misses you.
The gnoll bouda hits you with a +0 club.
You barely miss the gnoll bouda.
The gnoll bouda is heavily wounded.
The gnoll hits you from afar with a +0 halberd.
The gnoll bouda hits you with a +0 club.
You barely miss the gnoll bouda.
The gnoll bouda is heavily wounded.
The gnoll closely misses you.
The gnoll bouda hits you but does no damage.
You block the gnoll's attack.
You hit the gnoll bouda.
The gnoll bouda is severely wounded.
The gnoll bouda mumbles some strange prayers to its god.
The gnoll bouda is healed somewhat.
The gnoll hits you from afar with a +0 halberd!
The gnoll bouda gazes fiercely through you!
You feel your attacks grow feeble.
The gnoll bouda hits you but does no damage.
You hit the gnoll bouda.
The gnoll bouda is severely wounded.
The gnoll hits you from afar with a +0 halberd.
* * * LOW HITPOINT WARNING * * *
The gnoll bouda hits you but does no damage.
You hit the gnoll bouda.
The gnoll bouda is severely wounded.
The gnoll hits you from afar with a +0 halberd!
You die...

##. #≈ #####.....#### #..
## #.....# #.### #.....#
#... #.....# #g.#########
#.....#
#).........####...).#
#.########.#..#.....# ##
######...g#####.#..#.....#
#.
#........ggg@...#..#.....#
#.
#.###.#.######...........#
#. #.#....###.#####.....#
#. #.##.####.)..# ......#
## #.......<..#.#.##....#
# ####.......#.#. ....# #
#.#####....#.# # ..>.# #
#.......##+### ########
######### #....


You could see a gnoll bouda and 3 gnolls.

Vanquished Creatures
  A human zombie (D:3)
  2 gnolls (D:4)
  3 adders
  2 worms
  3 dart slugs
  2 orcs
  4 bats
  2 endoplasms
  2 giant cockroaches
  3 goblins
  5 hobgoblins
  6 jackals
  3 quokkas (D:3)
  4 ball pythons
  2 frilled lizards
  A goblin skeleton (D:3)
  6 kobolds
  6 rats
57 creatures vanquished.

Notes
Turn   | Place    | Note
-------+----------+-------------------------------------------
     0 | D:1      | zeram the Gargoyle Fighter began the quest for the Orb.
     0 | D:1      | Reached XP level 1. HP: 14/14 MP: 1/1
   173 | D:1      | Reached XP level 2. HP: 19/19 MP: 2/2
   175 | D:1      | Found a faded altar of an unknown god.
   524 | D:1      | Found Qunkir's Assorted Antiques.
   843 | D:2      | Reached XP level 3. HP: 24/24 MP: 3/3
   896 | D:2      | Found a burning altar of Makhleb.
  1771 | D:3      | Found a runed translucent door.
  1771 | D:3      | Noticed a human
  1776 | D:3      | Found a basalt altar of Yredelemnul.
  1810 | D:3      | Reached XP level 4. HP: 26/29 MP: 4/4
  2203 | D:3      | Found Furarphuk's Jewellery Boutique.
  2376 | D:4      | Reached XP level 5. HP: 33/33 MP: 5/5
  2390 | D:4      | Found a stormy altar of Qazlal.
  2531 | D:4      | Slain by a gnoll

Illustrated notes

Levels and vault maps discovered:
D:1:      shiori_arrival_elements, layout_rooms,
          shapermc_ecumenical_altar_mp_ritualfount, serial_shops,
          nicolae_diamond_shop, serial_curves, eino_curves_04, eino_curves_01,
          minivault_14
D:2:      layout_basic, basic_altar, kennysheep_cross_room
D:3:      layout_basic, dk_yredelemnul_ordeal, serial_shops, nicolae_square_shop
D:4:      layout_basic, grunt_qazlal_clouds, chequers_serial_rivers_micro_a,
          small_statue_intersection, uniq_pikel

Skill      XL: |  1  2  3  4 |
---------------+-------------+-----
Maces & Flails | 3 |  3.4
Armour         | 4 |  4.1
Fighting       | 4 |  4.1
Polearms       | |  0.7
Dodging        | |  0.5
Shields        | |  3.7

Action                   |  1- 3 |  4- 6 || total
-------------------------+-------+-------++-------
Melee: Flail             |   159 |     5 ||   164
       Spear             |       |    60 ||    60
  Use: Scroll            |     7 |     3 ||    10
Armor: Scale mail        |    80 |    23 ||   103
Dodge: Dodged            |    64 |    27 ||    91
Block: Buckler           |    41 |    11 ||    52
